 Dungeon Crawl Stone Soup version 0.13.0-18-g7b03ea5 (webtiles) character file.

259 Deemzul the Insei (level 4, 0/30 HPs)
             Began as an Octopode Monk on Oct 23, 2013.
             Succumbed to poison (a potion of poison)
             ... on Level 2 of the Dungeon.
             The game lasted 00:01:46 (1777 turns).

Deemzul the Insei (Octopode Monk)                   Turns: 1777, Time: 00:01:47

HP   0/30        AC  1     Str 10      XL: 4   Next: 57%
MP   3/3         EV 13     Int 12      God:
Gold 168         SH  0     Dex 15      Spells:  0 memorised,  3 levels left

Res.Fire  : . . .   See Invis. : .   i - +1,+3 spear
Res.Cold  : . . .   Warding    : .   (no shield)
Life Prot.: . . .   Conserve   : .   (helmet restricted)
Res.Poison: .       Res.Corr.  : .   (no amulet)
Res.Elec. : .       Clarity    : .   (no ring)
Sust.Abil.: . .     Spirit.Shd : .   (no ring)
Res.Mut.  : .       Stasis     : .   (no ring)
Res.Rott. : .       Flight     : .   (no ring)
Saprovore : . . .                    (no ring)
                                     (no ring)
                                     (no ring)
                                     (no ring)

@: mildly poisoned, slightly resistant to hostile enchantments, quite stealthy
A: almost no armour, amphibious, 8 rings, constrict 8, camouflage 1, AC +1
a: no special abilities


You were on level 2 of the Dungeon.
You were not hungry.

You visited 1 branch of the dungeon, and saw 3 of its levels.

You collected 168 gold pieces.

Inventory:

Hand weapons
 i - a +1,+3 spear (weapon)
Comestibles
 b - a bread ration
Scrolls
 a - a scroll of teleportation {unknown}
 c - 3 scrolls of identify {unknown}
 d - a scroll of amnesia {unknown}
 e - a scroll of enchant weapon II {unknown}
 f - a scroll of noise {unknown}
 g - a scroll of remove curse {unknown}
 j - a scroll of enchant armour {unknown}
 l - a scroll of fear {unknown}
Jewellery
 k - a +4 ring of intelligence {unknown}


   Skills:
 + Level 3.6 Fighting
 - Level 3.0 Dodging
 + Level 4.0 Stealth
 * Level 5.0 Unarmed Combat


You had 3 spell levels left.
You didn't know any spells.

Dungeon Overview and Level Annotations

Branches:
Dungeon (3/27)

Altars:
Cheibriados
Makhleb
Nemelex Xobeh


Innate Abilities, Weirdness & Mutations

You cannot wear most types of armour.
You are amphibious.
You can wear up to eight rings at the same time.
You can use your tentacles to constrict many enemies at once.
Your skin changes colour to match your surroundings (Stlth).
Your rubbery body absorbs attacks (AC +1).


Message History

You start resting.
* * * LOW HITPOINT WARNING * * *
You feel sick.
You start resting.
* * * LOW HITPOINT WARNING * * *
You feel sick.
You start resting.
* * * LOW HITPOINT WARNING * * *
You feel sick.
You start resting.
* * * LOW HITPOINT WARNING * * *
You feel sick.
You start resting.
* * * LOW HITPOINT WARNING * * *
You feel sick.
You start resting.
* * * LOW HITPOINT WARNING * * *
You feel sick.
You start resting.
You die...

. #......####. #.
#...#.## #. ###.
#####.# ##. #... #.#
#.. ####.>.
.#######.####..
.......
...............
#....##########.......
#.....................
####.@.##########...##
#...# #....# #...#
#....# ##### ##...#
#####


There were no monsters in sight!

Vanquished Creatures
  A crimson imp (D:2)
  3 adders
  A giant mite (D:1)
  A ball python (D:1)
  2 giant cockroaches
  A goblin (D:1)
  8 hobgoblins
  2 bats
  4 kobolds
  2 rats
25 creatures vanquished.

Notes
Turn   | Place    | Note
--------------------------------------------------------------
     0 | D:1      | Deemzul, the Octopode Monk, began the quest for the Orb.
     0 | D:1      | Reached XP level 1. HP: 14/14 MP: 0/0
   373 | D:1      | Reached XP level 2. HP: 19/19 MP: 1/1
   873 | D:2      | Reached XP level 3. HP: 25/25 MP: 2/2
   992 | D:2      | Found a snail-covered altar of Cheibriados.
  1021 | D:2      | Found a sparkling altar of Nemelex Xobeh.
  1200 | D:2      | Found a burning altar of Makhleb.
  1213 | D:2      | Reached skill level 5 in Unarmed Combat
  1213 | D:2      | Reached XP level 4. HP: 12/30 MP: 3/3
  1308 | D:3      | Noticed a crocodile
  1463 | D:3      | HP: 1/30 [hobgoblin/club (2)]
  1478 | D:3      | HP: 1/30 [centaur zombie (5)]
  1775 | D:2      | HP: 1/30 [poison (a potion of poison)]
  1777 | D:2      | Succumbed to poison (a potion of poison)

Action                   |  1- 3 |  4- 6 || total
-------------------------+-------+-------++-------
Melee: Unarmed           |    35 |       ||    35
       Spear             |    25 |     9 ||    34
  Use: Potion            |       |     4 ||     4
 Stab: Sleeping          |     5 |       ||     5
